 Dungeon Sprint DCSS version 0.28-a0-128-gcbb86046cc (webtiles) character file.

Game seed: 15835219403416565895

10405 xpp the Severer (level 11, -2/168 HPs)
             Began as a Hill Orc Fighter on Aug 16, 2021.
             Was the Champion of Beogh.
             Slain by an ancient lich (3 damage)
             ... while petrified by an ancient lich
             ... in the Dungeon (Sprint V: "Ziggurat Sprint").
             The game lasted 00:23:18 (844 turns).

xpp the Severer (Hill Orc Fighter)                   Turns: 844, Time: 00:23:20

Health: -2/168     AC: 25    Str: 22    XL:     11   Next: 61%
Magic:  11/11      EV:  2    Int: 11    God:    Beogh [******]
Gold:   0          SH:  0    Dex: 11    Spells: 10/10 levels left

rFire   + + .      SeeInvis +   H - +14 obsidian axe {vorpal, Drain Fly SInv}
rCold   + + +      Faith    .   D - +3 kite shield
rNeg    + + +      Spirit   .   b - +5 gold dragon scales
rPois   ∞          Reflect  .   (no helmet)
rElec   +          Harm     .   z - scarf {rC+ rF+}
rCorr   .          Rampage  .   (no gloves)
Will    +....      NoTele   +   (no boots)
Stlth   ..........              d - amulet of Epheihuz {Drain +Inv rElec Regen+ Int+3}
HPRegen 1.38/turn               y - ring of Onihagy {AC+4 Stlth+}
MPRegen 0.12/turn               C - ring of Ehail {rC+ rN+ Will+}

@: berserking (expiring), petrified, corroded, flying, mesmerised, studying
Hexes
A: walk on water
a: Renounce Religion, Evoke Invisibility, Smiting, Recall Orcish Followers, Give
Item to Named Follower, Resurrection


You were in the Dungeon.
You worshipped Beogh.
Beogh was exalted by your worship.
You visited 1 branch

Inventory:

Hand Weapons
 c - a +5 bardiche of draining
 n - the +5 scythe "Finisher" {speed, eviscerate}
   (You took it off a draconian in the Dungeon)

   Attacks with this weapon are significantly faster.
   It may eviscerate those it strikes, slaying them instantly, with a decreasing
   chance against stronger foes.
 u - a +3 vampiric spear
 w - a +2 spear of venom
 E - a +5 demon trident
 F - the +6 Majin-Bo {vamp, MP+6 Int+6}
   (You found it in the Dungeon)

   It occasionally heals its wielder for a portion of the damage dealt when they
   wound a living foe with it or with a spell.
   Its wielder's spells cost health as well as magical power.
   Int:       It affects your intelligence (+6).
   MP:        It affects your magic capacity (+6).
 G - the +9 heavy crossbow "Sniper" {vorpal, Acc+∞ SInv}
   (You found it in the Dungeon)

   Any ammunition fired from it inflicts extra damage upon your enemies.
   Any ammunition fired from it never misses its target.
   SInv:      It lets you see invisible.
 H - the +14 obsidian axe (weapon) {vorpal, Drain Fly SInv}
   (You found it in the Dungeon)

   It inflicts extra damage upon your enemies.
   It occasionally summons demons to assist the wielder when it strikes in
   combat.
   Its wielder is mesmerised by any visible foes.
   It cannot be unequipped while any foes are visible.
   SInv:      It lets you see invisible.
   Fly:       It grants you flight.
   Drain:     It drains your maximum health when unequipped.
 K - the +7 Singing Sword {vorpal, sonic wave}
   (You found it in the Dungeon)

   It inflicts extra damage upon your enemies.
   It radiates damaging sonic waves as it strikes, especially in combat
   involving dangerous or numerous foes.
 L - the +11 plutonium sword {Contam Stlth-}
   (You found it in the Dungeon)

   It occasionally inflicts wild transmutation effects on those it strikes,
   inflicting malmutation or extra damage, or polymorphing them into a new form.
   Contam:    It causes magical contamination when unequipped.
   Stlth:     It makes you less stealthy.
 M - the +13 scythe of Curses {drain, Drain}
   (You found it in the Dungeon)

   A truly terrible weapon, it drains the life of any living foe it strikes.
   It inflicts powerful necromantic curses on any living foe it strikes.
   Drain:     It drains your maximum health when unequipped.
 N - the +8 storm bow {elec, penet}
   (You found it in the Dungeon)

   Any ammunition fired from it occasionally discharges a powerful burst of
   electricity upon striking a foe.
   Any ammunition fired by it passes through the targets it hits, potentially
   hitting all targets in its path until it reaches maximum range.
Armour
 a - a +5 crystal plate armour
 b - +5 gold dragon scales (worn)
 z - a scarf of resistance (worn)
 A - the +2 ice dragon scales of Vexation {Fly rElec rF- rC++ rN+ Regen+ Stlth-}
   (You found it in the Dungeon)

   rF:        It makes you vulnerable to fire.
   rC:        It greatly protects you from cold.
   rElec:     It insulates you from electricity.
   rN:        It protects you from negative energy.
   Fly:       It grants you flight.
   Regen:     It increases your rate of health regeneration.
   Stlth:     It makes you less stealthy.
 D - a +3 kite shield (worn)
 I - the +15 Maxwell's patent armour {-Cast -Tele rElec Will+ rCorr}
   (You found it in the Dungeon)

   rElec:     It insulates you from electricity.
   -Cast:     It prevents spellcasting.
   -Tele:     It prevents most forms of teleportation.
   rCorr:     It protects you from acid and corrosion.
   Will:      It increases your willpower.
 J - the +18 shield of the Gong {rElec rN+ Will+ EV-5}
   (You found it in the Dungeon)

   It is deafeningly noisy when blocking attacks.
   EV:        It affects your evasion (-5).
   rElec:     It insulates you from electricity.
   rN:        It protects you from negative energy.
   Will:      It increases your willpower.
Jewellery
 d - the amulet of Epheihuz (around neck) {Drain +Inv rElec Regen+ Int+3}
   (You found it in the Dungeon)

   [amulet of regeneration]

   Int:       It affects your intelligence (+3).
   rElec:     It insulates you from electricity.
   +Inv:      It lets you turn invisible.
   Regen:     It increases your rate of health regeneration.
   Drain:     It drains your maximum health when unequipped.
 y - the ring of Onihagy (left hand) {AC+4 Stlth+}
   (You found it in the Dungeon)

   [ring of protection]

   AC:        It affects your AC (+4).
   Stlth:     It makes you more stealthy.
 C - the ring of Ehail (right hand) {rC+ rN+ Will+}
   (You found it in the Dungeon)

   [ring of positive energy]

   rC:        It protects you from cold.
   rN:        It protects you from negative energy.
   Will:      It increases your willpower.
Wands
 t - a wand of mindburst (5)
 v - a wand of acid (3)
Scrolls
 j - 4 scrolls of blinking
 o - 4 scrolls of amnesia
 p - 8 scrolls of fog
 q - 2 scrolls of holy word
 r - 5 scrolls of identify
 s - 2 scrolls of fear
 B - 2 scrolls of brand weapon
Potions
 e - 10 potions of curing
 f - 7 potions of heal wounds
 g - 10 potions of haste
 h - 7 potions of magic
 k - 2 potions of brilliance
 l - 2 potions of invisibility
 m - 4 potions of resistance


   Skills:
 + Level 15.2 Fighting
 - Level 16.0 Axes
 + Level 15.2 Armour
 * Level 8.5 Dodging
 + Level 14.7 Shields


You had 10 spell levels left.
You didn't know any spells.
Your spell library contained the following spells:

 Spells                   Type           Power      Damage    Failure   Level
 Animate Skeleton         Necr           0%         N/A       100%        1
 Apportation              Tloc           0%         N/A       100%        1
 Corona                   Hex            0%         N/A       100%        1
 Shock                    Conj/Air       0%         1d3       100%        1
 Sting                    Tmut/Pois      0%         1d3       100%        1
 Summon Small Mammal      Summ           0%         N/A       100%        1
 Passwall                 Tmut/Erth      0%         N/A       100%        2
 Sublimation of Blood     Necr           0%         N/A       100%        2
 Stone Arrow              Conj/Erth      0%         3d7       100%        3
 Animate Dead             Necr           0%         N/A       100%        4
 Hailstorm                Conj/Ice       0%         3d3       100%        4
 Ice Form                 Ice/Tmut       0%         N/A       100%        4
 Petrify                  Tmut/Erth      0%         N/A       100%        4
 Summon Ice Beast         Ice/Summ       0%         N/A       100%        4
 Summon Lightning Spire   Summ/Air       0%         N/A       100%        4
 Bolt of Magma            Conj/Fire/Erth 0%         4d4       100%        5
 Borgnjor's Vile Clutch   Necr/Erth      0%         N/A       100%        5
 Irradiate                Conj/Tmut      0%         3d14      100%        5
 Death Channel            Necr           0%         N/A       100%        6
 Simulacrum               Ice/Necr       0%         N/A       100%        6
 Storm Form               Tmut/Air       0%         N/A       100%        7
 Maxwell's Capacitive Co  Air            0%         ∞         100%        8
 Shatter                  Erth           0%         3d5*      100%        9


Dungeon Overview and Level Annotations

Branches:
Dungeon (1/1)

Altars:
Ashenzari
Cheibriados
Dithmenos
Elyvilon
Fedhas
Gozag
Hepliaklqana
Kikubaaqudgha
Makhleb
Nemelex Xobeh
Okawaru
Qazlal
Ru
Sif Muna
Trog
Uskayaw
Vehumet
Wu Jian
Xom
Yredelemnul
Zin
The Shining One
Beogh
Jiyva
Lugonu


Message History

The shadow hits you.
The vampire mage hits you but does no damage.
The vampire mage bites you but does no damage.
The ancient lich touches you.
* * * LOW HITPOINT WARNING * * *
The vampire knight hits you with a +0 battleaxe.
* * * LOW HITPOINT WARNING * * *
The vampire knight bites you but does no damage.
The adder zombie bites you but does no damage.
Visions of slaying the ancient lich flood into your mind.
The shadow hits you!
* * * LOW HITPOINT WARNING * * *
The vampire mage hits you with a staff of earth!
* * * LOW HITPOINT WARNING * * *
The vampire mage bites you.
* * * LOW HITPOINT WARNING * * *
The ancient lich touches you but does no damage.
The vampire knight casts a spell at you.
You easily resist.
The adder zombie bites you but does no damage.
Visions of slaying the adder zombie flood into your mind.
The shadow hits you.
* * * LOW HITPOINT WARNING * * *
The vampire mage hits you with a staff of earth.
* * * LOW HITPOINT WARNING * * *
The vampire mage bites you but does no damage.
The ancient lich touches you but does no damage.
The adder zombie bites you but does no damage.
The vampire knight hits you with a +0 battleaxe!!
* * * LOW HITPOINT WARNING * * *
The vampire knight bites you.
* * * LOW HITPOINT WARNING * * *
Visions of slaying the vampire knight flood into your mind.
The shadow hits you.
The vampire mage hits you with a staff of earth.
The vampire mage bites you.
* * * LOW HITPOINT WARNING * * *
The adder zombie bites you but does no damage.
The ancient lich touches you!
You die...

▓....©...
▓..?}.}:[)..▓▓▓▓▓▓▓▓▓
▓...)="|:...▓...8©8..
▓...).......▓..}.))=.
▓...........▓...).=..
▓...........▓.....†..
▓...n.......▓....).†.
▓..VLV......▓....)...
▓..▓@W...▓..▓...†)...
▓....Z......▓.▓.....▓
▓.....©.....▓....©...
▓▓▓▓▓▓▓▓▓▓▓▓▓▓▓▓▓▓▓▓▓
▓...8©8...▓...8©8...▓
▓...[|[||.▓..)..)=..▓
▓....})}..▓..}.||=..▓
▓.........▓.........▓
▓.........▓.....†...▓


You could see an ancient lich (invisible), a vampire knight (mesmerising), a
vampire mage, a necrophage (summoned), a shadow (summoned) and an adder zombie.

Vanquished Creatures
  A naga warrior (D)
  A necromancer (D)
  2 wolf spiders (D)
  An ugly thing (D)
  4 draconians (D)
  A naga mage (D)
  A black mamba (D)
  2 cane toads (D)
  A freezing wraith (D)
  A jumping spider (D)
  A blink frog (D)
  A small abomination (D)
  2 shadows (D)
  3 tarantellas (D)
  A yak (D)
  A wyvern (shapeshifter) (D)
  3 nagas (D)
  2 water moccasins (D)
  2 ice beasts (D)
  An ice beast (shapeshifter) (D)
  3 necrophages (D)
  3 wolves (D)
  A phantom (D)
  2 bullfrogs (D)
  A scorpion (D)
  A wight (D)
  A quasit (D)
  An iron imp (D)
  3 river rats (D)
  6 adders (D)
  A white imp (D)
  2 ufetubi (D)
  An adder zombie (D)
  3 ball pythons (D)
  2 bat zombies (D)
  A jackal (D)
  A ball python skeleton (D)
  A ball python zombie (D)
  A jackal skeleton (D)
  A quokka skeleton (D)
68 creatures vanquished.

Vanquished Creatures (collateral kills)
  An ice dragon (D)
  An ugly thing (D)
  A guardian serpent (D)
  A freezing wraith (D)
  A shadow (D)
  A redback (D)
  A basilisk (D)
  A ynoxinul (D)
  A necrophage (D)
  An ogre (shapeshifter) (D)
  An iguana (D)
  A shadow imp (D)
  An adder skeleton (D)
  2 bat skeletons (D)
15 creatures vanquished.

Grand Total: 83 creatures vanquished

Notes
Turn   | Place    | Note
-------+----------+-------------------------------------------
     0 | D        | xpp the Hill Orc Fighter began the quest for the Orb.
     0 | D        | Reached XP level 1. HP: 19/19 MP: 1/1
    12 | D        | Found a shimmering blue altar of Sif Muna.
    12 | D        | Found a bloodstained altar of Trog.
    12 | D        | Found a sacrificial altar of Ru.
    12 | D        | Found a stormy altar of Qazlal.
    12 | D        | Found an iron altar of Okawaru.
    13 | D        | Found a sparkling altar of Nemelex Xobeh.
    13 | D        | Found a blossoming altar of Fedhas.
    14 | D        | Found the +6 Majin-Bo {vamp, MP+6 Int+6}
    14 | D        | Found the +9 heavy crossbow "Sniper" {vorpal, Acc+∞ SInv}
    14 | D        | Found the +10 dark maul {vorpal}
    14 | D        | Found the +15 Maxwell's patent armour {-Cast -Tele rElec
                  | Will+ rCorr}
    14 | D        | Found the +18 shield of the Gong {rElec rN+ Will+ EV-5}
    14 | D        | Found the +14 obsidian axe {vorpal, Drain Fly SInv}
    14 | D        | Found the +7 great mace "Firestarter" {inner flame, rF++}
    14 | D        | Found the +6 shillelagh "Devastator" {shatter}
    14 | D        | Found the +11 plutonium sword {Contam Stlth-}
    14 | D        | Found the +8 lance "Wyrmbane" {slay drac, rPois rF+ rC+
                  | AC+3}
    14 | D        | Found the +9 sword of Zonguldrok {reap}
    14 | D        | Found the +13 scythe of Curses {drain, Drain}
    14 | D        | Found the +5 sword of Power {vorpal}
    14 | D        | Found the +7 mace of Variability {chain chaos}
    14 | D        | Found the +7 Singing Sword {vorpal, sonic wave}
    14 | D        | Found the +8 storm bow {elec, penet}
    15 | D        | Found a transporter.
    15 | D        | Found an ancient bone altar of Kikubaaqudgha.
    15 | D        | Found a viscous altar of Jiyva.
    15 | D        | Found a corrupted altar of Lugonu.
    15 | D        | Found a hazy altar of Hepliaklqana.
    15 | D        | Found a burning altar of Makhleb.
    15 | D        | Found an opulent altar of Gozag.
    81 | D        | Became a worshipper of Beogh the Brigand
    92 | D        | Entered arena 2.
    92 | D        | Noticed a scorpion
    92 | D        | Noticed a jumping spider
    92 | D        | Found a transporter.
    94 | D        | Killed a scorpion
    95 | D        | Reached skill level 5 in Fighting
    95 | D        | Reached skill level 5 in Axes
    95 | D        | Reached skill level 5 in Armour
    95 | D        | Reached skill level 5 in Shields
    95 | D        | Reached XP level 2. HP: 30/30 MP: 2/2
    95 | D        | Reached XP level 3. HP: 37/37 MP: 3/3
   101 | D        | Killed a jumping spider
   102 | D        | Reached skill level 8 in Axes
   102 | D        | Reached XP level 4. HP: 49/49 MP: 4/4
   102 | D        | Reached XP level 5. HP: 55/55 MP: 5/5
   102 | D        | Reached XP level 6. HP: 62/62 MP: 6/6
   117 | D        | Entered arena 3.
   117 | D        | Found a transporter.
   120 | D        | Reached * piety under Beogh
   132 | D        | Entered arena 4.
   132 | D        | Found a transporter.
   135 | D        | Reached ** piety under Beogh
   146 | D        | Reached skill level 9 in Axes
   164 | D        | Reached skill level 11 in Axes
   164 | D        | Reached XP level 7. HP: 71/71 MP: 7/7
   165 | D        | Entered arena 5.
   165 | D        | Noticed a draconian
   165 | D        | Noticed a draconian
   165 | D        | Noticed a draconian
   165 | D        | Noticed a draconian
   165 | D        | Found a transporter.
   175 | D        | Killed a draconian
   175 | D        | Reached *** piety under Beogh
   175 | D        | Killed a draconian
   176 | D        | Reached skill level 10 in Fighting
   176 | D        | Reached skill level 14 in Axes
   176 | D        | Reached skill level 10 in Armour
   176 | D        | Reached skill level 10 in Shields
   176 | D        | Reached XP level 8. HP: 4/81 MP: 8/8
   182 | D        | Killed a draconian
   183 | D        | Reached skill level 15 in Axes
   183 | D        | Reached XP level 9. HP: 69/86 MP: 9/9
   185 | D        | Killed a draconian
   349 | D        | Got the ring of Onihagy {AC+4 Stlth+}
   355 | D        | Acquired a scarf of resistance
   362 | D        | Entered arena 6.
   362 | D        | Noticed a brown ugly thing
   362 | D        | Noticed a white ugly thing
   362 | D        | Found a transporter.
   367 | D        | Reached **** piety under Beogh
   368 | D        | Reached skill level 16 in Axes
   368 | D        | Reached skill level 1 in Dodging
   368 | D        | Killed a brown ugly thing
   372 | D        | Killed a brown ugly thing
   372 | D        | Reached ***** piety under Beogh
   382 | D        | Entered arena 7.
   382 | D        | Noticed a wolf spider
   382 | D        | Noticed a wolf spider
   383 | D        | Found the +3 sling "Punk" {acid, rCorr}
   383 | D        | Found a transporter.
   386 | D        | Killed a wolf spider
   387 | D        | Reached XP level 10. HP: 97/97 MP: 10/10
   393 | D        | Killed a wolf spider
   394 | D        | Reached skill level 5 in Dodging
   449 | D        | Entered arena 8.
   449 | D        | Noticed a cane toad
   451 | D        | Reached ****** piety under Beogh
   456 | D        | Killed a cane toad
   457 | D        | Found a transporter.
   467 | D        | Got the +2 ice dragon scales of Vexation {Fly rElec rF-
                  | rC++ rN+ Regen+ Stlth-}
   471 | D        | Entered arena 9.
   472 | D        | Found a transporter.
   501 | D        | Entered arena 10.
   501 | D        | Noticed a black mamba
   501 | D        | Noticed a naga mage
   502 | D        | Found a transporter.
   507 | D        | Killed a black mamba
   509 | D        | Killed a naga mage
   518 | D        | Got Sif Muna's Guide on the Birds
   522 | D        | Got the ring of Aremin {Will+ MP-9 Int+4}
   598 | D        | Entered arena 11.
   598 | D        | Noticed a cane toad
   600 | D        | Found a transporter.
   601 | D        | Killed a cane toad
   602 | D        | Reached XP level 11. HP: 107/107 MP: 11/11
   617 | D        | Got the ring of Ehail {rC+ rN+ Will+}
   650 | D        | Entered arena 12.
   650 | D        | Noticed a naga warrior
   663 | D        | Killed a naga warrior
   761 | D        | Found a transporter.
   771 | D        | Got Sif Muna's Incunabulum of Transformation and the
                  | Frostbite
   774 | D        | Got the ring "Aduosaqoen" {Fly rF+}
   778 | D        | Entered arena 13.
   779 | D        | Noticed an ice dragon
   792 | D        | Found a transporter.
   794 | D        | Killed an ice dragon
   800 | D        | Got the amulet of Epheihuz {Drain +Inv rElec Regen+ Int+3}
   818 | D        | Entered arena 14.
   822 | D        | Noticed a necromancer
   822 | D        | Noticed a vampire knight
   823 | D        | Noticed an ancient lich
   825 | D        | Noticed a vampire mage
   830 | D        | Reached skill level 15 in Armour
   830 | D        | Paralysed by a vampire knight for 4 turns
   836 | D        | Noticed a shadow wraith
   838 | D        | Killed a necromancer
   839 | D        | Reached skill level 15 in Fighting
   843 | D        | HP: 3/168 [vampire knight (15)]
   843 | D        | HP: 1/168 [vampire knight (2)]
   844 | D        | Slain by an ancient lich

Illustrated notes

Levels and vault maps discovered:
D:        sprint_v [room_start, room_1, room_2, room_3, room_4, room_5, room_6,
          room_7, room_8, room_9, room_10, room_11, room_12, room_13, room_14,
          room_15, room_16, room_17, room_18, room_19, room_20, room_21,
          room_22, room_23, room_24, room_25, room_26, room_27]

Skill      XL: |  1  2  3  4  5  6  7  8  9 10 11 |
---------------+----------------------------------+-----
Fighting       | 5 8 9 10 11 13 15 | 15.2
Axes           | 5 8 11 14 15 16 | 16.0
Armour         | 5 7 9 10 11 12 14 15 | 15.2
Shields        | 5 7 9 10 12 13 14 | 14.7
Dodging        | 4 6 8 |  8.5

Action                   |  1- 3 |  4- 6 |  7- 9 | 10-12 || total
-------------------------+-------+-------+-------+-------++-------
Melee: Broad axe         |     5 |    14 |    22 |    66 ||   107
Evoke: Wand              |     2 |       |     2 |     9 ||    13
  Use: Potion            |       |     1 |     4 |     2 ||     7
       Scroll            |       |       |     2 |       ||     2
Armor: Gold dragon scale |     5 |     7 |    25 |    76 ||   113
Dodge: Dodged            |       |       |     5 |    21 ||    26
Block: Kite shield       |     1 |    12 |    30 |    57 ||   100

Table legend: (Time is in decaauts)
 A = Elapsed time spent in this place.
 B = Non-inter-level travel time spent in this place.
 C = Inter-level travel time spent in this place.
 D = Time resting spent in this place.
 E = Time spent auto-exploring this place.
 F = Levels seen in this place.
 G = Mean time per level.
                   A        B        C        D        E       F      G
               +--------+--------+--------+--------+--------+-----+--------+
         Total |    849 |    849 |      0 |    386 |      0 |   1 |  849.0 |
       Dungeon |    849 |    849 |      0 |    386 |      0 |   1 |  849.0 |
               +--------+--------+--------+--------+--------+-----+--------+

Top non-repeatable levels by time:
       D: 849 daAuts
